 Dungeon Crawl Stone Soup version 0.30.0-17-ge0270778cf (webtiles) character file.

Game seed: 9952551119507985788

51 Brutalitops the Conjurer (level 3, -4/32 HPs)
             Began as a Troll Conjurer on May 21, 2023.
             Slain by a gnoll
             ... wielding a +0 halberd
              (14 damage)
             ... on level 2 of the Dungeon.
             The game lasted 00:04:37 (1313 turns).

Brutalitops the Conjurer (Troll Conjurer)           Turns: 1313, Time: 00:04:38

Health: -4/32      AC:  4    Str: 17    XL:     3   Next: 58%
Magic:  3/3        EV: 10    Int: 14    God:
Gold:   101        SH:  0    Dex:  8    Spells: 3/4 levels left

rFire   . . .        e - +0 whip
rCold   . . .        (no shield)
rNeg    . . .        a - +0 robe
rPois   .            (helmet restricted)
rElec   .            (no cloak)
rCorr   .            (gloves unavailable)
SInv    .            (boots unavailable)
Will    .....        (no amulet)
Stlth   +            (no ring)
HPRegen 1.05/turn    (no ring)
MPRegen 0.08/turn

%: no passive effects
@: hasted, very quick
A: large, unfitting armour, claws 3, regeneration 1, shaggy fur 1, tough skin 1
a: no special abilities


You were on level 2 of the Dungeon.
You visited 1 branch of the dungeon, and saw 2 of its levels.

You collected 101 gold pieces.

Inventory:

Hand Weapons
 e - a +0 whip (weapon)
Armour
 a - a +0 robe (worn)
Scrolls
 f - a scroll of noise {unknown}
 g - a scroll of identify {unknown}
Potions
 b - a potion of magic
 c - a potion of curing
 h - a potion of mutation {unknown}
 i - a potion of berserk rage {unknown}


   Skills:
 + Level 0.8 Fighting
 * Level 1.7 Maces & Flails
 + Level 2.3 Dodging
 - Level 1.0 Stealth
 - Level 0.2 Unarmed Combat
 - Level 1.2 Spellcasting
 - Level 3.0 Conjurations


You had 3 spell levels left.
You knew the following spells:

 Your Spells              Type           Power      Damage    Failure   Level
a - Magic Dart            Conj           36%        1d4       8%          1

Your spell library contained the following spells:

 Spells                   Type           Power      Damage    Failure   Level
 Searing Ray              Conj           18%        2d5       11%         2
 Dazzling Flash           Conj/Hex       10%        N/A       38%         3
 Fulminant Prism          Conj/Hex       2%         3d5       80%         4
 Iskenderun's Mystic Bla  Conj/Tloc      5%         2d3       80%         4


Dungeon Overview and Level Annotations

Branches:
Dungeon (2/15)

Altars:


Innate Abilities, Weirdness & Mutations

You are too large for most types of armour.
You have claws for hands.
Your natural rate of healing is unusually fast.
You are covered in fur. (AC +1)
You have tough skin. (AC +1)


Message History

The giant cockroach waves its antennae.
You hit the giant cockroach but do no damage.
The giant cockroach bites you but does no damage.
You hit the giant cockroach.
The giant cockroach is almost dead.
The giant cockroach barely misses you.
The giant cockroach bites you but does no damage.
You hit the giant cockroach.
You kill the giant cockroach!
There is an open door here.
There is an open door here.
There is an open door here.
There is an open door here.
You see here a bat corpse.
A giant cockroach comes into view.
A gnoll comes into view. It is wielding a +0 halberd.
Found 11 gold pieces.
The gnoll shouts!
There is a fountain of sparkling water here.
The giant cockroach attacks as you move away!
The giant cockroach barely misses you.
The giant cockroach attacks as you move away!
The giant cockroach bites you.
You hit the giant cockroach.
You kill the giant cockroach!
The gnoll barely misses you. The gnoll hits you with a +0 halberd!
You closely miss the gnoll. The gnoll hits you with a +0 halberd!
You barely miss the gnoll. The gnoll barely misses you.
You hit the gnoll.
The gnoll is lightly wounded.
The gnoll hits you with a +0 halberd!
* * * LOW HITPOINT WARNING * * *
It was a potion of curing.
You feel better. The gnoll misses you.
It was a potion of haste.
You feel yourself speed up. The gnoll hits you with a +0 halberd.
You hit the gnoll.
The gnoll is moderately wounded.
The gnoll hits you with a +0 halberd!
You die...

..#..⌠...###.#...........#..#.#
#.##...###...##.⌠........##...#
#..#.###...⌠..#.....#.....##.##
##.#.#........##g.......⌠$##.#
##.#...........#.............#
##.##.⌠........##........# ##
##..#.....#.....#..⌠...#
###.##........⌠.##...### #
#..#..........@g.###
####.##........##############
.###..#..⌠...###..†.........#
....#.##...###....#########.#
###....#.### #....###### ##.###
##...#.#.###.##.....<# #....#
##..>...##...#############.#
##..................# #.#
##...#.##.†.........#####.###


You could see a gnoll.

Vanquished Creatures
  A gnoll (D:1)
  An adder (D:2)
  7 ball pythons
  2 endoplasms (D:2)
  3 giant cockroaches
  4 hobgoblins
  2 bats
  3 frilled lizards
  3 goblins (D:1)
  A kobold (D:1)
  6 rats
33 creatures vanquished.

Notes
Turn   | Place    | Note
-------+----------+-------------------------------------------
     0 | D:1      | Brutalitops the Troll Conjurer began the quest for the Orb.
     0 | D:1      | Reached XP level 1. HP: 16/16 MP: 1/1
    30 | D:1      | Reached skill level 3 in Conjurations
   161 | D:1      | Reached XP level 2. HP: 8/24 MP: 2/2
   231 | D:1      | Reached skill level 1 in Maces & Flails
   846 | D:2      | Reached XP level 3. HP: 31/32 MP: 1/3
  1313 | D:2      | Slain by a gnoll

Illustrated notes

Levels and vault maps discovered:
D:1:      evilmike_arrival_crescent, layout_loops_ring,
          nicolae_concentric_dashed_squares_wild, moated_statue, moated_statue,
          chequers_serial_rivers_large_a
D:2:      minmay_skewed_foursquare, layout_basic, minmay_door_square,
          serial_bayou_pond_d

Skill      XL: |  1  2 |
---------------+-------+-----
Conjurations   | 3 |  3.0
Dodging        | 2 |  2.3
Maces & Flails | 1 |  1.7
Fighting       | |  0.8
Stealth        | |  1.0
Unarmed Combat | |  0.2
Spellcasting   | |  1.2

Action                     || total
---------------------------++-------
  Melee: Unarmed           ||    15
         Whip              ||   111
         Punch             ||     1
   Cast: Magic Dart        ||     1
    Use: Scroll            ||     2
         Potion            ||     2
   Stab: Sleeping          ||     4
 Armour: Robe              ||    38
  Dodge: Dodged            ||    52
